 Dungeon Crawl Stone Soup version 0.26-a0-830-g2a559e7be2 (webtiles) character file.

Game seed: 14740126149485138353

12810 Riddle the Destroyer (level 11, -20/74 HPs)
             Began as a Demigod Conjurer on Nov 15, 2020.
             Demolished by a yaktaur captain (24 damage)
             ... on level 11 of the Dungeon.
             The game lasted 00:30:10 (17623 turns).

Riddle the Destroyer (Demigod Conjurer)            Turns: 17623, Time: 00:30:11

Health: -20/74     AC:  9    Str: 10    XL:     11   Next: 40%
Magic:  20/30      EV: 12    Int: 28    God:
Gold:   637        SH:  0    Dex: 17    Spells: 13/32 levels left

rFire    + + .     SeeInvis .   t - +8 flail of Foolhardiness {vorpal, rF+ rC+ Dex+3}
rCold    + + .     Faith    .   (no shield)
rNeg     + . .     Spirit   .   L - +1 leather armour of the Armadillo {rF+ rN+}
rPois    +         Reflect  .   (no helmet)
rElec    .         Harm     .   u - +0 cloak
rCorr    .         Rampage  .   H - +2 pair of gloves
MR       +....                  I - +0 pair of boots
Stlth    ++........             b - amulet of regeneration
HPRegen  0.62/turn              j - ring of protection from cold
MPRegen  0.22/turn              m - ring of poison resistance

@: brilliant
A: high mp 1
a: no special abilities


You were on level 11 of the Dungeon.
You visited 1 branch of the dungeon, and saw 11 of its levels.
You also visited: Ossuary.

You collected 1015 gold pieces.
You spent 378 gold pieces at shops.

Inventory:

Hand Weapons
 t - the +8 flail of Foolhardiness (weapon) {vorpal, rF+ rC+ Dex+3}
   (You found it on level 5 of the Dungeon)

   It inflicts extra damage upon your enemies.
   It affects your dexterity (+3).
   It protects you from fire.
   It protects you from cold.
Armour
 u - a +0 cloak (worn)
 H - a +2 pair of gloves (worn)
 I - a +0 pair of boots (worn)
 L - the +1 leather armour of the Armadillo (worn) {rF+ rN+}
   (You bought it in a shop on level 7 of the Dungeon)

   It protects you from fire.
   It protects you from negative energy.
 M - +0 steam dragon scales
Jewellery
 a - an uncursed ring of fire
 b - an amulet of regeneration (around neck)
 h - an uncursed ring of resist corrosion
 j - a ring of protection from cold (left hand)
 m - a ring of poison resistance (right hand)
 E - an uncursed amulet of reflection
 J - a +6 ring of dexterity
 N - an uncursed ring of protection from fire
 R - an uncursed ring of ice
Wands
 w - a wand of iceblast (10)
 K - a wand of disintegration (36)
 O - a wand of paralysis (7)
 Q - a wand of digging (5)
Scrolls
 c - 5 scrolls of remove curse
 d - 2 scrolls of magic mapping {unknown}
 e - a scroll of identify
 g - 2 scrolls of enchant weapon {unknown}
 l - a scroll of immolation {unknown}
 n - 3 scrolls of noise {unknown}
 o - 2 scrolls of teleportation
 r - 3 scrolls of fog {unknown}
 y - 6 scrolls of amnesia {unknown}
 F - 2 scrolls of enchant armour {unknown}
 P - a scroll of vulnerability {unknown}
Potions
 f - a potion of might {unknown}
 i - 3 potions of resistance {unknown}
 k - 3 potions of degeneration {unknown}
 p - 11 potions of brilliance
 q - 5 potions of haste {unknown}
 s - 4 potions of flight {unknown}
 v - 2 potions of heal wounds {unknown}
 x - 10 potions of curing {unknown}
 z - 5 potions of attraction {unknown}
 A - a potion of berserk rage {unknown}
 B - 3 potions of mutation {unknown}
 C - a potion of ambrosia {unknown}
 D - 3 potions of invisibility {unknown}
 G - a potion of magic {unknown}


   Skills:
 - Level 1.7 Dodging
 - Level 1.7 Stealth
 + Level 11.3 Spellcasting
 + Level 12.5 Conjurations


You had 13 spell levels left.
You knew the following spells:

 Your Spells              Type           Power        Failure   Level
a - Magic Dart            Conj           ####         1%          1
b - Searing Ray           Conj           ######       1%          2
c - Dazzling Flash        Conj/Hex       ######       1%          3
d - Fulminant Prism       Conj/Hex       ######....   3%          4
e - Passwall              Tmut/Erth      ###.....     8%          2
f - Mephitic Cloud        Conj/Pois/Air  ######..     2%          3
g - Iskenderun's Mystic   Conj/Tloc      ######..     3%          4

Your spell library contained the following spells:

 Spells                   Type           Power        Failure   Level
 Stone Arrow              Conj/Erth      ######       1%          3
 Corona                   Hex            ###....      4%          1
 Sandblast                Erth           ###...       4%          1
 Sting                    Tmut/Pois      ###.         4%          1
 Ensorcelled Hibernation  Hex/Ice        ###...       8%          2
 Poisonous Vapours        Pois/Air       ###...       8%          2
 Confusing Touch          Hex            ###.....     14%         3
 Ignite Poison            Fire/Tmut/Pois ###.....     14%         3
 Tukima's Dance           Hex            ###.....     14%         3
 Olgreb's Toxic Radiance  Pois           ###.....     43%         4
 Petrify                  Tmut/Erth      ###.....     43%         4
 Lee's Rapid Deconstruct  Erth           ###.......   80%         5


Dungeon Overview and Level Annotations

Branches:
Dungeon (11/15)            Temple (0/1) D:5            Lair (0/6) D:9
    Orc (0/2) D:10        Ossuary (visited)

Shops:
D:7 =[[}   D:10 *?

Portals:
Abyss: D:7

Annotations:
D:7 2 transporters, kelmiir's ghost, novice GnWn
D:8 3 runed translucent doors, Riddle's ghost, novice DrFE
D:11 3 runed translucent doors, tabo's ghost, journeyman HOFi


Innate Abilities, Weirdness & Mutations

You have an increased reservoir of magic. (+10% MP)


Message History

The yaktaur captain is lightly wounded.
The yaktaur captain hits you!
Unknown command.
The searing ray hits the yaktaur captain!
The yaktaur captain is lightly wounded.
You finish channeling your searing ray.
The yaktaur captain hits you!
* * * LOW HITPOINT WARNING * * *
Casting: Searing Ray (safe; 1% risk of failure)
Confirm with . or Enter, or press ? or * to list all spells.
The yaktaur captain hits you.
* * * LOW HITPOINT WARNING * * *
Casting: Dazzling Flash (safe; 1% risk of failure)
Confirm with . or Enter, or press ? or * to list all spells.
The yaktaur captain hits you!
* * * LOW HITPOINT WARNING * * *
Unknown command.
It was a potion of brilliance.
You feel clever all of a sudden. The yaktaur captain hits you!!
You die...

#.......# #..#..
#.......# .....
+.####'## ....
#..###..# ...
#..#....# #..
#..#....+ #..
#..##'###
.#####c#####.##...#
.......@..........#
..######.....<....#
#..........#
##..######.# ####
#.# #.. #..# ..#


You could see a yaktaur captain.

Vanquished Creatures
  Harold (D:7)
  A boulder beetle (D:10)
  Fannar (D:10)
  A two-headed ogre (D:10)
  Nergalle (D:10)
  2 cyclopes
  Maggie (D:7)
  3 trolls
  Prince Ribbit (D:7)
  A wyvern (D:9)
  6 yaks (D:10)
  A human (shapeshifter) (D:10)
  Menkaure (D:6)
  Duvessa (D:5)
  8 orc warriors
  4 sky beasts
  A black bear (D:6)
  4 ice beasts
  2 phantoms
  A necrophage (D:11)
  3 ogres
  3 wolves (D:9)
  A centaur (D:11)
  2 big kobolds
  4 bullfrogs
  A gnoll sergeant (D:6)
  Dowan (D:5)
  A wyvern skeleton (D:6)
  2 scorpions
  3 wights (D:9)
  16 killer bees
  3 howler monkeys
  2 quasits
  3 jellies
  14 orc priests
  7 hounds
  15 orc wizards
  Crazy Yiuf (D:3)
  2 centaur skeletons
  Natasha (thrice) (D:4)
  3 iguanas
  Ijyb (D:3)
  14 worker ants
  A big kobold zombie (Ossuary)
  A hound skeleton (D:5)
  9 mummies
  5 gnolls (D:6)
  16 adders
  2 shadow imps
  4 white imps
  3 ufetubi
  An ooze (D:1)
  2 adder skeletons (D:6)
  An adder zombie (D:9)
  5 worms
  A dart slug (D:3)
  A leopard gecko (D:8)
  52 orcs
  5 giant cockroaches
  2 gnoll zombies (Ossuary)
  8 goblins
  8 hobgoblins
  10 kobolds
  8 quokkas
  7 bats
  4 frilled lizards
  A giant cockroach zombie (D:5)
  A hobgoblin zombie (Ossuary)
  3 kobold zombies (Ossuary)
  A leopard gecko skeleton (D:4)
  An orc zombie (Ossuary)
  16 rats
326 creatures vanquished.

Vanquished Creatures (others)
  30 fulminant prisms
  A plant (D:2)
31 creatures vanquished.

Grand Total: 357 creatures vanquished

Notes
Turn   | Place    | Note
-------+----------+-------------------------------------------
     0 | D:1      | Riddle the Demigod Conjurer began the quest for the Orb.
     0 | D:1      | Reached XP level 1. HP: 14/14 MP: 5/5
   533 | D:1      | Reached XP level 2. HP: 20/20 MP: 5/7
   536 | D:1      | Learned a level 2 spell: Searing Ray
   652 | D:1      | Reached skill level 4 in Conjurations
  1582 | D:2      | Reached XP level 3. HP: 23/26 MP: 2/9
  1809 | D:2      | Learned a level 3 spell: Dazzling Flash
  2786 | D:3      | Reached XP level 4. HP: 33/33 MP: 8/11
  3333 | D:3      | Reached skill level 5 in Conjurations
  3333 | D:3      | Reached XP level 5. HP: 38/38 MP: 5/13
  3589 | D:3      | Noticed Ijyb
  3593 | D:3      | Killed Ijyb
  4007 | D:3      | Found a runed translucent door.
  4008 | D:3      | Noticed Crazy Yiuf
  4056 | D:3      | Killed Crazy Yiuf
  4057 | D:3      | Reached XP level 6. HP: 41/45 MP: 9/15
  4436 | D:4      | Found a sand-covered staircase.
  4470 | Ossuary  | Entered an ossuary
  5392 | D:4      | Reached skill level 6 in Conjurations
  5726 | D:4      | Reached XP level 7. HP: 50/50 MP: 12/17
  5848 | D:4      | Noticed Natasha
  5852 | D:4      | Killed Natasha
  5980 | D:4      | Noticed Natasha
  5984 | D:4      | Killed Natasha
  5985 | D:4      | Reached skill level 5 in Spellcasting
  6021 | D:4      | Got a transparent leather armour
  6044 | D:4      | Identified the +1 leather armour "Xopaw" {*Slow rCorr
                  | Slay-4 SInv} (You found it on level 4 of the Dungeon)
  6068 | D:4      | Noticed Natasha
  6071 | D:4      | Killed Natasha
  7830 | D:5      | Entered Level 5 of the Dungeon
  7864 | D:5      | Noticed Duvessa
  8053 | D:5      | Noticed Dowan
  8059 | D:5      | Got a shimmering flail
  8065 | D:5      | Identified the +8 flail of Foolhardiness {vorpal, rF+ rC+
                  | Dex+3} (You found it on level 5 of the Dungeon)
  8121 | D:5      | Reached skill level 7 in Conjurations
  8286 | D:5      | Found a staircase to the Ecumenical Temple.
  8511 | D:5      | Reached XP level 8. HP: 57/57 MP: 12/20
  8540 | D:5      | Killed Duvessa
  8541 | D:5      | Killed Dowan
  8965 | D:5      | Reached skill level 8 in Conjurations
  9457 | D:6      | Noticed Menkaure
  9515 | D:6      | Killed Menkaure
  9542 | D:6      | Learned a level 4 spell: Fulminant Prism
 10210 | D:6      | Reached XP level 9. HP: 62/62 MP: 0/24
 10363 | D:6      | Reached skill level 9 in Conjurations
 10507 | D:6      | Learned a level 2 spell: Passwall
 11086 | D:7      | Noticed a toenail golem
 11089 | D:7      | Found a transporter.
 11091 | D:7      | Found a transporter.
 11189 | D:7      | Noticed Prince Ribbit
 11195 | D:7      | Killed Prince Ribbit
 11299 | D:7      | Found a one-way gate to the infinite horrors of the Abyss.
 11299 | D:7      | Noticed kelmiir's ghost (novice GnWn)
 11313 | D:7      | Noticed a brown ugly thing
 11328 | D:7      | Found Zuunar's Armour Shoppe.
 11331 | D:7      | Bought the +1 leather armour of the Armadillo {rF+ rN+} for
                  | 378 gold pieces
 11559 | D:7      | Noticed Harold
 11562 | D:7      | Noticed Maggie
 11698 | D:7      | Killed Maggie
 11815 | D:7      | Found Aqav Gusk's Antique Armour Emporium.
 11849 | D:7      | Killed Harold
 11850 | D:7      | Reached skill level 10 in Conjurations
 12078 | D:7      | Found Fenaun's Jewellery Emporium.
 12193 | D:7      | Found Wazamezo's Gadget Emporium.
 12259 | D:7      | Found a one-way gate to the infinite horrors of the Abyss.
 12270 | D:7      | Found a transporter.
 12276 | D:7      | Found a transporter.
 12292 | D:7      | Found Zuunar's Armour Shoppe.
 12435 | D:7      | Found Aqav Gusk's Antique Armour Emporium.
 12486 | D:7      | Found Fenaun's Jewellery Emporium.
 12978 | D:8      | Found a runed translucent gate.
 12979 | D:8      | Found an opulent altar of Gozag.
 12981 | D:8      | Found a runed translucent gate.
 12982 | D:8      | Found a runed translucent gate.
 12982 | D:8      | Noticed a yaktaur
 12982 | D:8      | Noticed Riddle's ghost (novice DrFE)
 13051 | D:8      | Reached XP level 10. HP: 69/69 MP: 24/27
 13153 | D:8      | Learned a level 3 spell: Mephitic Cloud
 13158 | D:8      | Learned a level 4 spell: Iskenderun's Mystic Blast
 13166 | D:8      | Noticed a moth of wrath
 13169 | D:8      | Found a bloodstained altar of Trog.
 14474 | D:9      | Reached skill level 11 in Conjurations
 14788 | D:9      | Found a staircase to the Lair.
 15033 | D:10     | Entered Level 10 of the Dungeon
 15200 | D:10     | Noticed a cyclops
 15343 | D:10     | Killed a cyclops
 15344 | D:10     | Reached skill level 10 in Spellcasting
 15453 | D:10     | Noticed Nergalle
 15465 | D:10     | Killed Nergalle
 15557 | D:10     | Noticed Fannar
 15585 | D:10     | Killed Fannar
 15717 | D:10     | Noticed a two-headed ogre
 15722 | D:10     | Killed a two-headed ogre
 15799 | D:10     | Noticed a boulder beetle
 15813 | D:10     | Found Liklab's General Store.
 15816 | D:10     | Killed a boulder beetle
 15817 | D:10     | Reached XP level 11. HP: 74/74 MP: 7/30
 16002 | D:10     | Reached skill level 12 in Conjurations
 16376 | D:10     | Found Yvubuj's Magic Scroll Boutique.
 16720 | D:10     | Found a staircase to the Orcish Mines.
 17514 | D:11     | Found a runed translucent gate.
 17515 | D:11     | Found a runed translucent gate.
 17516 | D:11     | Found a runed translucent gate.
 17529 | D:11     | Noticed tabo's ghost (journeyman HOFi)
 17609 | D:11     | Noticed a yaktaur captain
 17623 | D:11     | Demolished by a yaktaur captain

Illustrated notes

Levels and vault maps discovered:
D:1:      tarquinn_simple_flora_water_d, layout_basic, serial_co_window_serial,
          co_window_paths_a, co_window_paths_b, co_window_paths_a,
          co_window_paths_a, co_window_corner_a, co_window_of_opportunity_b,
          co_window_corner_cb, co_window_cross_2, co_window_of_opportunity_b,
          co_window_4corner_a, glass_columns_a, glass_columns_b,
          glass_columns_a, glass_columns_c, glass_columns_b
D:2:      layout_basic, serial_forest, infiniplex_forest_clump_tiny,
          infiniplex_forest_straight_2, infiniplex_forest_straight_2,
          infiniplex_forest_end_double, infiniplex_forest_clump_C,
          infiniplex_forest_end_double, infiniplex_forest_straight_5,
          infiniplex_forest_straight_3, infiniplex_forest_straight_2,
          infiniplex_forest_straight_2
D:3:      layout_basic, serial_bayou_pond_e, uniq_crazy_yiuf_cottage, uniq_ijyb
D:4:      layout_basic, gup_ossuary_entry_pyramid, uniq_natasha
D:5:      layout_basic, minmay_temple_entry_nine_rooms, uniq_duvessa
D:6:      layout_loops_corners, uniq_menkaure
D:7:      layout_loops_cross, gammafunk_ghost_abyssal_escape, serial_shops,
          shop, nicolae_shop_window_shopping, nicolae_shop_behind_doors,
          kennysheep_mini, uniq_maggie, uniq_prince_ribbit1, uniq_harold
D:8:      layout_basic, tgw_trog, ebering_ghost_gozag
D:9:      layout_loops_ring, erik_lair_island
D:10:     layout_roguey, david_orc_4, serial_shops, shop,
          nicolae_shop_window_shopping, uniq_nergalle, uniq_fannar
D:11:     minmay_the_grid_net [minmay_the_grid_broken_lines,
          minmay_the_grid_dragon_b, minmay_the_grid_eight,
          minmay_the_grid_spin_star, minmay_the_grid_all_tris,
          minmay_the_grid_prize_inner_circle], layout_gridville,
          gammafunk_ghost_spectres, grunt_decor_mini_mirrors

Skill      XL: |  1  2  3  4  5  6  7  8  9 10 11 |
---------------+----------------------------------+-----
Spellcasting   | 2 3 4 6 7 9 10 11 | 11.3
Conjurations   | 4 5 6 7 8 10 11 12 | 12.5
Dodging        | |  1.7
Stealth        | |  1.7

Action                   |  1- 3 |  4- 6 |  7- 9 | 10-12 || total
-------------------------+-------+-------+-------+-------++-------
Melee: Unarmed           |       |     1 |       |       ||     1
       Quarterstaff      |       |     7 |       |       ||     7
       Flail             |       |       |    13 |     6 ||    19
 Cast: Magic Dart        |    59 |    40 |    53 |    71 ||   223
       Searing Ray       |    11 |    41 |    74 |    87 ||   213
       Dazzling Flash    |       |     2 |       |     2 ||     4
       Fulminant Prism   |       |       |    10 |    20 ||    30
       Iskenderun's Myst |       |       |       |     6 ||     6
  Use: Scroll            |       |     3 |     8 |     1 ||    12
       Potion            |       |       |       |     1 ||     1
Armor: Robe              |     3 |     8 |    17 |       ||    28
       Leather armour    |       |       |     3 |    31 ||    34
Dodge: Dodged            |     9 |    28 |    65 |    52 ||   154
       Rpst.: Falchion   |       |     2 |     1 |       ||     3

Table legend: (Time is in decaauts)
 A = Elapsed time spent in this place.
 B = Non-inter-level travel time spent in this place.
 C = Inter-level travel time spent in this place.
 D = Time resting spent in this place.
 E = Time spent auto-exploring this place.
 F = Levels seen in this place.
 G = Mean time per level.
                   A        B        C        D        E       F      G
               +--------+--------+--------+--------+--------+-----+--------+
         Total |  17639 |  17287 |    352 |   4115 |  10816 |  12 | 1469.9 |
       Dungeon |  17027 |  16675 |    352 |   3768 |  10776 |  11 | 1547.9 |
       Ossuary |    611 |    611 |      0 |    347 |     40 |   1 |  611.0 |
               +--------+--------+--------+--------+--------+-----+--------+

Top non-repeatable levels by time:
     D:4: 2885 daAuts
     D:6: 1777 daAuts
    D:10: 1712 daAuts
     D:3: 1641 daAuts
     D:1: 1576 daAuts
     D:5: 1486 daAuts
     D:7: 1396 daAuts
     D:9: 1377 daAuts
     D:2: 1199 daAuts
     D:8: 1097 daAuts
    D:11: 878 daAuts
 Ossuary: 611 daAuts
